 Dungeon Crawl Stone Soup version 0.31-a0-237-g2d982f9f85 (webtiles) character file.

Game seed: 14903165919341739094

744 qw the Shooter (level 7, -23/43 HPs)
             Began as a Gargoyle Hexslinger on July 10, 2023.
             Annihilated by an ogre
             ... wielding a +0 giant club
              (25 damage)
             ... on level 5 of the Dungeon.
             The game lasted 00:02:15 (4314 turns).

qw the Shooter (Gargoyle Hexslinger)                Turns: 4314, Time: 00:02:16

Health: -23/43     AC: 10    Str: 12    XL:     7   Next: 76%
Magic:  8/8        EV: 11    Int: 13    God:
Gold:   305        SH:  0    Dex: 14    Spells: 7/8 levels left

rFire   . . .        Y - +2 sling (chaos)
rCold   . . .        (no shield)
rNeg    + . .        f - +0 leather armour
rPois   inf          b - +0 helmet
rElec   +            (no cloak)
rCorr   .            g - +0 pair of gloves
SInv    .            (no boots)
Will    +....        (no amulet)
Stlth   +            i - ring of willpower
HPRegen 0.27/turn    (no ring)
MPRegen 0.11/turn

%: no passive effects
@: no status effects
A: sickness immunity, AC +4, negative energy resistance 1, electricity
resistance, torment resistance 1, petrification resistance
a: no special abilities


You were on level 5 of the Dungeon.
You visited 1 branch of the dungeon, and saw 5 of its levels.
You also visited: Ossuary.

You collected 305 gold pieces.


Innate Abilities, Weirdness & Mutations

You are immune to sickness and miasma.
Your stone body is resilient. (AC +4)
You are immune to poison.
You resist negative energy. (rN+)
You are resistant to electric shocks. (rElec)
You are resistant to unholy torment.
You are immune to petrification.


   Skills:
 - Level 4.0 Fighting
 + Level 7.3 Ranged Weapons
 - Level 2.4 Armour
 - Level 1.5 Dodging
 - Level 1.0 Spellcasting
 - Level 2.6 Hexes


You had 7 spell levels left.
You knew the following spells:

 Your Spells              Type           Power      Damage    Failure   Level
a - Slow                  Hex            28%        N/A       12%         1

Your spell library contained the following spells:

 Spells                   Type           Power      Damage    Failure   Level
 Inner Flame              Hex/Fire       4%         N/A       52%         3
 Portal Projectile        Hex/Tloc       8%         N/A       52%         3
 Cause Fear               Hex            3%         N/A       75%         4

Inventory:

Hand Weapons
 Y - a +2 sling of chaos (weapon)
Armour
 b - a +0 helmet (worn)
 f - a +0 leather armour (worn)
 g - a +0 pair of gloves (worn)
Jewellery
 i - a ring of willpower (left hand)
Scrolls
 m - a scroll of identify
Potions
 a - a potion of invisibility {unknown}
 d - a potion of haste {unknown}
 e - a potion of mutation {unknown}
 h - a potion of enlightenment
 j - a potion of magic {unknown}
 k - a potion of degeneration {unknown}
 l - a potion of heal wounds {unknown}
 o - a potion of might {unknown}

Dungeon Overview and Level Annotations

Branches:
Dungeon (5/15)            Ossuary (visited)
 Temple: D:4-7

Altars:
Hepliaklqana
Qazlal
Yredelemnul

Annotations:
D:1 2 transporters


Message History

You kill the centaur!
Your Ranged Weapons skill increases to level 7!
You start resting.
A scorpion comes into view.
4305 ||| FLEEEEING.
Enter note:
Enter note:
4306 ||| FLEEEEING.
Enter note:
Enter note:
4307 ||| FLEEEEING.
An ogre comes into view. It is wielding a +0 giant club.
The ogre shouts!
Enter note:
Enter note: You shoot a sling bullet.
The sling bullet hits the ogre.
Lightning courses through the ogre!
The ogre is moderately wounded.
You shoot a sling bullet. The sling bullet hits the ogre.
The ogre is heavily wounded.
You shoot a sling bullet.
The sling bullet barely misses the ogre.
You shoot a sling bullet.
The sling bullet barely misses the ogre.
The ogre hits you with a +0 giant club.
You shoot a sling bullet. The sling bullet hits the ogre.
The sling bullet burns the ogre.
The ogre is heavily wounded.
The ogre hits you with a +0 giant club!!
Ouch! That really hurt!
The scorpion misses you.
You shoot a sling bullet. The sling bullet hits the ogre.
The ogre is poisoned.
The ogre is severely wounded.
The scorpion closely misses you.
You shoot a sling bullet. The sling bullet hits the ogre.
The sling bullet burns the ogre.
The ogre is severely wounded.
The ogre hits you with a +0 giant club!!
Ouch! That really hurt!
You die...

. ..... . .... .}. ... .
...#.. ... .. ...... #.#
... [...... #.## ....
......### ####..# .....
........####....##.<....
..........##..)#@O......
........#.#....s........
....................####
.......#..........#..#
.......#..............#
....................###
#...................#
#....###......#......
##...# ###...##.#..#


You could see an ogre (very poisoned) and a scorpion.

Vanquished Creatures
  A centaur (D:5)
  2 phantoms (D:4)
  An ogre (D:5)
  A howler monkey (D:5)
  An iguana (D:4)
  Jessica (D:3)
  2 orc wizards (D:4)
  3 mummies (Ossuary)
  8 gnolls
  5 adders
  4 worms
  A dart slug (D:4)
  9 orcs
  3 ball pythons (D:1)
  4 bats
  6 endoplasms
  A giant cockroach (D:3)
  7 gnoll zombies (Ossuary)
  7 goblins
  12 hobgoblins
  4 jackals (D:1)
  2 quokkas (D:1)
  A frilled lizard (D:2)
  4 gnoll skeletons (Ossuary)
  7 goblin skeletons (Ossuary)
  4 goblin zombies
  2 hobgoblin skeletons (Ossuary)
  3 hobgoblin zombies (Ossuary)
  6 kobolds
  4 kobold skeletons (Ossuary)
  3 kobold zombies (Ossuary)
  2 orc skeletons (Ossuary)
  4 orc zombies (Ossuary)
  4 rats
  3 rat skeletons (Ossuary)
  6 rat zombies
138 creatures vanquished.

Notes
Turn   | Place    | Note
-------+----------+-------------------------------------------
     0 | D:1      | qw the Gargoyle Hexslinger began the quest for the Orb.
     0 | D:1      | Reached XP level 1. HP: 12/12 MP: 2/2
     0 | D:1      | 0 ||| qw: Version: 0.3-a-52-g30416fa
     0 | D:1      | 0 ||| qw: Game counter: 5098
     0 | D:1      | 0 ||| qw: Melee chars always use a shield: true
     0 | D:1      | 0 ||| qw: God list: Okawaru
     0 | D:1      | 0 ||| qw: Allow faded altars: false
     0 | D:1      | 0 ||| qw: Do Orc after clearing Dungeon:15 true
     0 | D:1      | 0 ||| qw: Do second Lair branch before Depths: true
     0 | D:1      | 0 ||| qw: Lair rune preference: random
     0 | D:1      | 0 ||| qw: Goals: Normal
     0 | D:1      | 0 ||| PLANNING D:1-11
    77 | D:1      | Reached XP level 2. HP: 14/16 MP: 3/3
   161 | D:1      | Reached skill level 3 in Ranged Weapons
   211 | D:1      | Reached XP level 3. HP: 21/21 MP: 4/4
   501 | D:1      | 501 ||| UPGRADING to +0 leather armour.
   511 | D:1      | 511 ||| DROPPING +0 robe.
   512 | D:1      | 512 ||| UPGRADING to +0 pair of gloves.
   517 | D:1      | 517 ||| DROPPING scarf of invisibility.
   518 | D:1      | 518 ||| READING scroll labelled UNKICU QUA.
   519 | D:1      | 519 ||| READING scroll labelled GEALOC WIFF.
   520 | D:1      | 520 ||| DROPPING scroll of poison.
   866 | D:2      | Found a basalt altar of Yredelemnul.
  1349 | D:2      | 1349 ||| UPGRADING to +0 helmet.
  1354 | D:2      | 1354 ||| UPGRADING to ring of willpower.
  1355 | D:2      | 1355 ||| READING scroll labelled GYABRA YXZE.
  1356 | D:2      | 1356 ||| READING scroll labelled NYFENU TOUSK.
  1357 | D:2      | 1357 ||| DRINKING 2 amethyst potions.
  1446 | D:3      | Reached XP level 4. HP: 26/26 MP: 5/5
  1473 | D:3      | Found a hazy altar of Hepliaklqana.
  1476 | D:3      | Reached skill level 4 in Ranged Weapons
  1546 | D:3      | Noticed Jessica
  1555 | D:3      | Killed Jessica
  1812 | D:3      | Reached XP level 5. HP: 30/30 MP: 6/6
  1825 | D:3      | Reached skill level 5 in Ranged Weapons
  1904 | D:3      | Found a stormy altar of Qazlal.
  2057 | D:3      | 2057 ||| DRINKING 2 smoky amethyst potions.
  2162 | D:3      | 2162 ||| DROPPING potion of berserk rage.
  2180 | D:4      | 2180 ||| PLANNING OSSUARY
  2256 | D:4      | Noticed a phantom
  2275 | D:4      | Killed a phantom
  2276 | D:4      | Reached skill level 3 in Fighting
  2276 | D:4      | Reached XP level 6. HP: 28/38 MP: 7/7
  2276 | D:4      | 2276 ||| FLEEEEING.
  2277 | D:4      | 2277 ||| FLEEEEING.
  2278 | D:4      | 2278 ||| FLEEEEING.
  2279 | D:4      | 2279 ||| FLEEEEING.
  2280 | D:4      | 2280 ||| FLEEEEING.
  2281 | D:4      | 2281 ||| FLEEEEING.
  2282 | D:4      | 2282 ||| FLEEEEING.
  2283 | D:4      | 2283 ||| FLEEEEING.
  2284 | D:4      | 2284 ||| FLEEEEING.
  2285 | D:4      | 2285 ||| FLEEEEING.
  2286 | D:4      | 2286 ||| FLEEEEING.
  2287 | D:4      | 2287 ||| FLEEEEING.
  2288 | D:4      | 2288 ||| FLEEEEING.
  2290 | D:4      | 2290 ||| FLEEEEING.
  2291 | D:4      | 2291 ||| FLEEEEING.
  2292 | D:4      | 2292 ||| FLEEEEING.
  2293 | D:4      | 2293 ||| FLEEEEING.
  2294 | D:4      | 2294 ||| FLEEEEING.
  2295 | D:4      | 2295 ||| STAIRDANCE
  2311 | D:3      | 2311 ||| READING scroll labelled IRONTAAP COIF.
  2312 | D:3      | 2312 ||| READING scroll labelled CAGHUSENTU.
  2475 | D:4      | 2475 ||| Stepping ~*~*~tactically~*~*~ (outnumbered).
  2477 | D:4      | 2477 ||| Stepping ~*~*~tactically~*~*~ (outnumbered).
  2754 | D:4      | Found a sand-covered staircase.
  2755 | D:4      | 2755 ||| READING 2 scrolls labelled KAOLASH OSORR.
  2756 | D:4      | 2756 ||| READING scroll labelled TOJAID SYRUKLE.
  2761 | D:4      | 2761 ||| DRINKING 2 cyan potions.
  2809 | Ossuary  | Entered an ossuary
  2863 | Ossuary  | 2863 ||| FLEEEEING.
  2865 | Ossuary  | 2865 ||| FLEEEEING.
  2866 | Ossuary  | 2866 ||| FLEEEEING.
  2867 | Ossuary  | 2867 ||| FLEEEEING.
  2868 | Ossuary  | 2868 ||| FLEEEEING.
  2869 | Ossuary  | 2869 ||| FLEEEEING.
  2870 | Ossuary  | 2870 ||| FLEEEEING.
  2871 | Ossuary  | 2871 ||| FLEEEEING.
  2872 | Ossuary  | 2872 ||| FLEEEEING.
  2873 | Ossuary  | 2873 ||| FLEEEEING.
  2874 | Ossuary  | 2874 ||| FLEEEEING.
  3178 | Ossuary  | 3178 ||| FLEEEEING.
  3179 | Ossuary  | 3179 ||| FLEEEEING.
  3180 | Ossuary  | 3180 ||| FLEEEEING.
  3181 | Ossuary  | 3181 ||| FLEEEEING.
  3182 | Ossuary  | 3182 ||| FLEEEEING.
  3183 | Ossuary  | 3183 ||| FLEEEEING.
  3195 | Ossuary  | 3195 ||| FLEEEEING.
  3297 | Ossuary  | 3297 ||| FLEEEEING.
  3302 | Ossuary  | 3302 ||| FLEEEEING.
  3303 | Ossuary  | 3303 ||| FLEEEEING.
  3304 | Ossuary  | 3304 ||| FLEEEEING.
  3305 | Ossuary  | 3305 ||| FLEEEEING.
  3306 | Ossuary  | 3306 ||| FLEEEEING.
  3307 | Ossuary  | 3307 ||| FLEEEEING.
  3308 | Ossuary  | 3308 ||| FLEEEEING.
  3309 | Ossuary  | 3309 ||| FLEEEEING.
  3310 | Ossuary  | 3310 ||| FLEEEEING.
  3311 | Ossuary  | 3311 ||| FLEEEEING.
  3312 | Ossuary  | 3312 ||| FLEEEEING.
  3313 | Ossuary  | 3313 ||| FLEEEEING.
  3314 | Ossuary  | 3314 ||| FLEEEEING.
  3315 | Ossuary  | 3315 ||| FLEEEEING.
  3316 | Ossuary  | 3316 ||| FLEEEEING.
  3317 | Ossuary  | 3317 ||| FLEEEEING.
  3318 | Ossuary  | 3318 ||| FLEEEEING.
  3319 | Ossuary  | 3319 ||| FLEEEEING.
  3320 | Ossuary  | 3320 ||| FLEEEEING.
  3321 | Ossuary  | 3321 ||| FLEEEEING.
  3322 | Ossuary  | 3322 ||| FLEEEEING.
  3323 | Ossuary  | 3323 ||| FLEEEEING.
  3324 | Ossuary  | 3324 ||| FLEEEEING.
  3325 | Ossuary  | 3325 ||| FLEEEEING.
  3326 | Ossuary  | 3326 ||| FLEEEEING.
  3327 | Ossuary  | 3327 ||| FLEEEEING.
  3356 | Ossuary  | Reached XP level 7. HP: 42/42 MP: 8/8
  3602 | D:4      | 3602 ||| PLANNING D:1-11
  3770 | D:4      | Reached skill level 6 in Ranged Weapons
  4028 | D:5      | Entered Level 5 of the Dungeon
  4038 | D:5      | 4038 ||| STAIRDANCE
  4046 | D:4      | 4046 ||| DRINKING potion of curing.
  4046 | D:4      | 4046 ||| (to cure confusion)
  4149 | D:5      | 4149 ||| STAIRDANCE
  4152 | D:4      | 4152 ||| Stepping randomly (disturbance).
  4295 | D:5      | Reached skill level 7 in Ranged Weapons
  4305 | D:5      | 4305 ||| FLEEEEING.
  4306 | D:5      | 4306 ||| FLEEEEING.
  4307 | D:5      | 4307 ||| FLEEEEING.
  4312 | D:5      | HP: 1/43 [ogre/+0 giant club (22)]
  4314 | D:5      | Annihilated by an ogre

Levels and vault maps discovered:
D:1:      spicycebolla_arrival_transporter_tutorial, layout_basic
D:2:      layout_loops_corners, basic_altar
D:3:      layout_basic, overflow_temple_1_default, old_standard_altar,
          uniq_jessica
D:4:      layout_gridville, enter_ossuary_4
D:5:      layout_cave_pools, mainiacjoe_overflow_surrounded_room,
          minmay_temple_entry_junction_2, serial_shops,
          nicolae_shop_overgrown_old_shop, uniq_ijyb

Skill      XL: |  1  2  3  4  5  6  7 |
---------------+----------------------+-----
Ranged Weapons | 3 4 5 7 |  7.3
Fighting       | 2 3 4 |  4.0
Armour         | 2 |  2.4
Dodging        | |  1.5
Spellcasting   | |  1.0
Hexes          | |  2.6

Action                     |  1- 3 |  4- 6 |  7- 9 || total
---------------------------+-------+-------+-------++-------
   Fire: Sling             |   141 |   277 |   104 ||   522
    Use: Scroll            |     4 |     4 |       ||     8
         Potion            |     1 |     2 |     1 ||     4
 Armour: Robe              |    14 |       |       ||    14
         Leather armour    |       |    50 |    36 ||    86
  Dodge: Dodged            |    31 |    68 |    37 ||   136

Table legend:
 A = Non-vault XP
 B = Vault XP
 C = Vault XP percentage of total XP
 D = Non-vault monster count
 E = Vault monster count
 F = Vault count percentage of total count
                 A         B        C        D         E       F
            +---------+---------+-------+---------+---------+-------
      Total |     920 |     144 |  13.5 |      85 |      53 |  38.4
            +---------+---------+-------+---------+---------+-------
        D:1 |      51 |       0 |   0.0 |      28 |       0 |   0.0
        D:2 |      19 |       0 |   0.0 |       8 |       0 |   0.0
        D:3 |     127 |      37 |  22.6 |      21 |       1 |   4.5
        D:4 |     432 |       2 |   0.5 |      20 |       2 |   9.1
        D:5 |     291 |       0 |   0.0 |       8 |       0 |   0.0
    Ossuary |       0 |     105 | 100.0 |       0 |      50 | 100.0
            +---------+---------+-------+---------+---------+-------
